 Dungeon Sprint DCSS version 0.31-a0-875-g02e7d12df6 (webtiles) character file.

Game seed: 1536005335463777893

21331 fozzywoppz the Warrior (level 12, 0/130 HPs)
             Began as a Minotaur Fighter on Oct 13, 2023.
             Was the Champion of Okawaru.
             Killed from afar by a frost giant (22 damage)
             ... with a bolt of cold
             ... in the Dungeon (Sprint IX: "|||||||||||||||||||||||||||||").
             The game lasted 00:12:03 (2076 turns).

fozzywoppz the Warrior (Minotaur Fighter)           Turns: 2076, Time: 00:12:04

Health: 0/130      AC: 34    Str: 27    XL:     12   Next: 53%
Magic:  13/20      EV: 15    Int:  5    God:    Okawaru [******]
Gold:   998        SH:  9    Dex: 12    Spells: 11/11 levels left

rFire   + . .        C - +2 eveningstar (protect)
rCold   . . .        c - +0 buckler
rNeg    + . .        I - +2 plate armour {rF+}
rPois   .            d - +0 hat of Parlour Games {Rampage rN+}
rElec   .            q - +0 cloak
rCorr   .            b - +0 pair of gloves
SInv    .            B - +0 pair of boots
Will    .....        (no amulet) Stlth
                     n - +3 ring of strength
HPRegen 0.41/turn    o - +2 ring of protection
MPRegen 0.17/turn

%: no teleportation, rampage
@: heroic, finesse-ful, under a protective aura
A: horns 2, retaliatory headbutt
a: Renounce Religion, Heroism, Finesse


You were in the Dungeon.
You worshipped Okawaru.
Okawaru was exalted by your worship.
You visited 1 branch You collected 1884 gold pieces.
You spent 886 gold pieces at shops.

Inventory:

Hand Weapons
 s - a +2 scimitar of flaming
 C - a +2 eveningstar of protection (weapon)
 H - the +6 mace of the Hugging Gods {heavy, rF+ Int+3}
   (You found it in the Dungeon)

   Int+3:     It affects your intelligence (+3).
   rF+:       It protects you from fire.
Missiles
 a - 5 silver javelins (quivered)
Armour
 b - a +0 pair of gloves (worn)
 c - a +0 buckler (worn)
 d - the +0 hat of Parlour Games (worn) {Rampage rN+}
   (Okawaru gifted it to you in the Dungeon)

   rN+:       It protects you from negative energy.
   Rampage:   It bestows one free step when moving towards enemies.
 q - a +0 cloak (worn)
 B - a +0 pair of boots (worn)
 I - a +2 plate armour of fire resistance (worn)
Jewellery
 n - a +3 ring of strength (left hand)
 o - a +2 ring of protection (right hand)
 D - a ring of see invisible
 E - a ring of protection from cold
 F - a ring of protection from cold
 G - a ring of fire
Wands
 m - a wand of iceblast (5)
Scrolls
 l - 2 scrolls of amnesia
 p - a scroll of fog
 v - 3 scrolls of enchant weapon
 w - 2 scrolls of enchant armour
 x - 3 scrolls of identify
Potions
 e - 9 potions of curing
 f - a potion of heal wounds
 g - a potion of mutation
 h - 4 potions of magic
 i - 2 potions of berserk rage
 k - a potion of invisibility
 r - 4 potions of haste
 t - 2 potions of brilliance
 z - a potion of resistance
 A - 2 potions of might
Miscellaneous
 u - a condenser vane


   Skills:
 + Level 19.2(24.2) Fighting
 - Level 16.6(21.6) Maces & Flails
 + Level 8.0(13.0) Throwing
 + Level 12.3(17.3) Armour
 + Level 15.0(20.0) Dodging
 + Level 14.9(19.9) Shields
 - Level 12.0 Invocations
 - Level 5.0 Evocations


You had 11 spell levels left.
You didn't know any spells.
Your spell library contained the following spells:

 Spells                   Type           Power      Damage    Failure   Level
 Blink                    Tloc           0%         N/A       99%         2
 Lesser Beckoning         Tloc           0%         N/A       99%         2
 Momentum Strike          Conj/Tloc      0%         3d8       99%         2
 Hailstorm                Conj/Ice       0%         3d3       100%        3
 Summon Ice Beast         Ice/Summ       Unusable   N/A       N/A         4
 Simulacrum               Ice/Necr       Unusable   N/A       N/A         6

Dungeon Overview and Level Annotations

Branches:
Dungeon (1/1)

Altars:
Cheibriados
Dithmenos
Elyvilon
Fedhas
Gozag
Hepliaklqana
Kikubaaqudgha
Makhleb
Nemelex Xobeh
Okawaru
Qazlal
Ru
Sif Muna
Trog
Uskayaw
Vehumet
Wu Jian
Xom
Yredelemnul
Zin
The Shining One
Jiyva
Lugonu

Shops:
D :!*!


Innate Abilities, Weirdness & Mutations

You have a pair of horns on your head.
You reflexively headbutt those who attack you in melee.


Message History

The mass of ice explodes!
Unknown command.
Aiming: Iceblast
Press: ? - help, Shift-Dir - straight line
Okay, then.
You see here a +1 ring mail of cold resistance.
You see here +1 pearl dragon scales.
You see here a +2 plate armour.
The fire dragon seems to regain its courage.
You see here a +3 chain mail.
You see here a +1 double sword.
Okay, then.
You can now deal lightning-fast blows.
You gain the combat prowess of a mighty hero.
The fire dragon breathes flames at you. The blast of flame misses you.
You rampage towards the fire dragon!
You see here a +3 chain mail.
You rampage towards the fire dragon!
You skewer the fire dragon like a kebab!!!
Your weapon exudes an aura of protection.
You kill the fire dragon!
Okawaru is honoured by your kill.
The frost giant gestures at you while chanting.
The bolt of cold misses you.
The rakshasa blinks!
Your condenser vane has recharged.
Your base Throwing skill increases to level 8!
Your base Dodging skill increases to level 15!
You rampage towards the frost giant!
The frost giant points at you and mumbles some strange words.
The bolt of cold hits you!
* * * LOW HITPOINT WARNING * * *
You see here a +1 ring mail of cold resistance.
You bludgeon the frost giant!! Your headbutt misses the frost giant.
The frost giant is lightly wounded.
You bludgeon the frost giant!!
The frost giant is heavily wounded.
The frost giant points at you and mumbles some strange words.
The bolt of cold hits you!!
You die...

▓▓▓▓▓▓▓▓▓▓▓▓▓▓▓▓▓▓▓▓▓▓▓▓▓▓▓▓▓▓▓▓▓
†)CRD.C.)...ZCDC@[[[.).))))))....
▓▓▓▓▓▓▓▓▓▓▓▓▓▓▓▓▓▓▓▓▓▓▓▓▓▓▓▓▓▓▓▓▓
.................................
▓▓▓▓▓▓▓▓▓▓▓▓▓▓▓▓▓▓▓▓▓▓▓▓▓▓▓▓▓▓▓▓▓
).)'(....)).).).)....)))))))))'..
▓▓▓▓▓▓▓▓▓▓▓▓▓▓▓▓▓▓▓▓▓▓▓▓▓▓▓▓▓▓▓▓▓
..).))...)...........(...........
▓▓▓▓▓▓▓▓▓▓▓▓▓▓▓▓▓▓▓▓▓▓▓▓▓▓▓▓▓▓▓▓▓
†.'.........÷...†.....'.....)....


You could see a frost giant, a fire dragon, an ettin and a ball python
simulacrum.

Vanquished Creatures
  A fire dragon (D)
  Harold (D)
  2 hydras (D)
  Erica (D)
  A death knight (D)
  4 centaur warriors (D)
  A two-headed ogre (D)
  A tengu warrior (D)
  3 orc high priests (D)
  A deep elf pyromancer (D)
  6 orc knights (D)
  2 orc sorcerers (D)
  An ugly thing (D)
  A cyclops (D)
  An elephant (D)
  A gargoyle (D)
  3 cane toads (D)
  3 komodo dragons (D)
  A rime drake (D)
  7 polar bears (D)
  3 yaks (D)
  A wraith (D)
  A basilisk (D)
  Grum (D)
  A vampire mosquito (D)
  2 acid dragons (D)
  4 water moccasins (D)
  12 orc warriors (D)
  2 black bears (D)
  3 wolves (D)
  2 bullfrogs (D)
  A kobold brigand (D)
  A sleepcap (D)
  An orc priest (D)
  A hound (D)
  2 orc wizards (D)
  2 adders (D)
  A dart slug (D)
  12 orcs (D)
  A hobgoblin (D)
  A kobold (D)
  2 quokkas (D)
  A rat (D)
100 creatures vanquished.

Vanquished Creatures (others)
  A vampire knight (D)
  Maurice (D)
2 creatures vanquished.

Grand Total: 102 creatures vanquished

Notes
Turn   | Place    | Note
-------+----------+-------------------------------------------
     0 | D        | fozzywoppz the Minotaur Fighter began the quest for the
                  | Orb.
     0 | D        | Reached XP level 1. HP: 19/19 MP: 0/0
    10 | D        | Reached skill level 4 in Fighting
    48 | D        | Noticed a sleepcap
    48 | D        | Noticed a hound
    52 | D        | Reached XP level 2. HP: 24/28 MP: 1/1
    54 | D        | Reached skill level 5 in Fighting
    54 | D        | Reached skill level 5 in Armour
    54 | D        | Reached skill level 5 in Shields
    58 | D        | Reached skill level 6 in Fighting
    58 | D        | Reached skill level 5 in Maces & Flails
    58 | D        | Reached XP level 3. HP: 32/37 MP: 2/2
    67 | D        | Reached skill level 7 in Fighting
    67 | D        | Reached XP level 4. HP: 33/47 MP: 3/3
    73 | D        | Found a snail-covered altar of Cheibriados.
    73 | D        | Found a shadowy altar of Dithmenos.
    73 | D        | Found a white marble altar of Elyvilon.
    73 | D        | Found a blossoming altar of Fedhas.
    73 | D        | Found an opulent altar of Gozag.
    74 | D        | Found a hazy altar of Hepliaklqana.
    75 | D        | Found a viscous altar of Jiyva.
    76 | D        | Found an ancient bone altar of Kikubaaqudgha.
    77 | D        | Found a corrupted altar of Lugonu.
    78 | D        | Found a burning altar of Makhleb.
    79 | D        | Found a sparkling altar of Nemelex Xobeh.
    80 | D        | Found an iron altar of Okawaru.
    81 | D        | Found a stormy altar of Qazlal.
    82 | D        | Found a sacrificial altar of Ru.
    83 | D        | Found a shimmering blue altar of Sif Muna.
    84 | D        | Found a bloodstained altar of Trog.
    85 | D        | Found a hide-covered altar of Uskayaw.
    86 | D        | Found a radiant altar of Vehumet.
    87 | D        | Found an ornate altar of the Wu Jian Council.
    88 | D        | Became a worshipper of Warmaster Okawaru
    89 | D        | Found a shimmering altar of Xom.
    90 | D        | Found a basalt altar of Yredelemnul.
    91 | D        | Found a glowing silver altar of Zin.
    92 | D        | Found a glowing golden altar of the Shining One.
   155 | D        | Noticed a wraith
   155 | D        | Noticed a two-headed ogre
   155 | D        | Noticed a yak
   155 | D        | Noticed a gargoyle
   155 | D        | Noticed a yak
   155 | D        | Noticed a kobold brigand
   160 | D        | Killed a kobold brigand
   161 | D        | Reached skill level 8 in Fighting
   161 | D        | Reached XP level 5. HP: 32/53 MP: 3/6
   167 | D        | Killed a yak
   168 | D        | Reached skill level 9 in Fighting
   168 | D        | Reached skill level 5 in Invocations
   168 | D        | Reached XP level 6. HP: 17/66 MP: 3/9
   171 | D        | Killed a gargoyle
   171 | D        | Reached * piety under Okawaru
   171 | D        | Reached ** piety under Okawaru
   172 | D        | Reached skill level 10 in Fighting
   172 | D        | Reached XP level 7. HP: 49/72 MP: 4/12
   175 | D        | Killed a yak
   180 | D        | Killed a two-headed ogre
   180 | D        | Reached *** piety under Okawaru
   181 | D        | Reached skill level 10 in Invocations
   181 | D        | Reached XP level 8. HP: 34/79 MP: 4/15
   191 | D        | Noticed a deep elf pyromancer
   191 | D        | Noticed a green ugly thing
   191 | D        | Noticed a centaur warrior
   196 | D        | Killed a centaur warrior
   196 | D        | Reached **** piety under Okawaru
   197 | D        | Reached skill level 15 in Maces & Flails
   197 | D        | Reached XP level 9. HP: 41/86 MP: 6/17
   202 | D        | Killed a green ugly thing
   202 | D        | Reached ***** piety under Okawaru
   203 | D        | Reached skill level 11 in Fighting
   203 | D        | Reached skill level 5 in Dodging
   212 | D        | Reached skill level 12 in Fighting
   220 | D        | Killed a deep elf pyromancer
   525 | D        | Noticed a komodo dragon
   525 | D        | Noticed a rime drake
   525 | D        | Noticed a komodo dragon
   527 | D        | Noticed an elephant
   530 | D        | Killed a komodo dragon
   531 | D        | Reached skill level 13 in Fighting
   532 | D        | Noticed a cane toad
   534 | D        | Killed a rime drake
   535 | D        | Reached skill level 10 in Armour
   547 | D        | Killed a komodo dragon
   548 | D        | Reached XP level 10. HP: 66/102 MP: 18/18
   561 | D        | Killed an elephant
   561 | D        | Received a gift from Okawaru
   562 | D        | Reached skill level 14 in Fighting
   562 | D        | Reached skill level 1 in Evocations
   565 | D        | Killed a cane toad
   702 | D        | Noticed a five-headed hydra
   702 | D        | Noticed a cane toad
   705 | D        | Noticed a cane toad
   721 | D        | Killed a five-headed hydra
   723 | D        | Reached skill level 15 in Fighting
   729 | D        | Killed a cane toad
   730 | D        | Reached skill level 10 in Dodging
   739 | D        | Killed a cane toad
   739 | D        | Received a gift from Okawaru
   740 | D        | Reached skill level 5 in Evocations
  1046 | D        | Reached skill level 16 in Fighting
  1046 | D        | Reached XP level 11. HP: 83/114 MP: 19/19
  1054 | D        | Reached skill level 10 in Shields
  1171 | D        | Noticed Harold
  1190 | D        | Killed Harold
  1191 | D        | Noticed Maurice
  1191 | D        | Noticed Erica
  1197 | D        | Killed Erica
  1205 | D        | Noticed Grum
  1209 | D        | Killed Maurice
  1231 | D        | Killed Grum
  1231 | D        | Reached ****** piety under Okawaru
  1232 | D        | Reached skill level 17 in Fighting
  1285 | D        | Acquired a +1 eveningstar of protection
  1285 | D        | Received a gift from Okawaru
  1336 | D        | Noticed an orc knight
  1337 | D        | Noticed an orc knight
  1363 | D        | Killed an orc knight
  1363 | D        | Received a gift from Okawaru
  1364 | D        | Reached skill level 1 in Throwing
  1373 | D        | Killed an orc knight
  1436 | D        | Acquired the +0 hat of Parlour Games {Rampage rN+}
  1436 | D        | Received a gift from Okawaru
  1446 | D        | Noticed an orc knight
  1446 | D        | Noticed an orc knight
  1458 | D        | Killed an orc knight
  1488 | D        | Killed an orc knight
  1511 | D        | Noticed an orc high priest
  1520 | D        | Killed an orc high priest
  1702 | D        | Found Bohuyrch's Distillery.
  1702 | D        | Noticed an orc sorcerer
  1702 | D        | Noticed an orc sorcerer
  1703 | D        | Noticed an orc high priest
  1709 | D        | Killed an orc sorcerer
  1710 | D        | Reached skill level 18 in Fighting
  1712 | D        | Killed an orc sorcerer
  1713 | D        | Reached skill level 5 in Throwing
  1721 | D        | Noticed an orc knight
  1725 | D        | Killed an orc high priest
  1725 | D        | Received a gift from Okawaru
  1726 | D        | Found Tisentis's General Store.
  1734 | D        | Killed an orc knight
  1735 | D        | Reached XP level 12. HP: 105/127 MP: 20/20
  1737 | D        | Found Vaiwk's Distillery.
  1739 | D        | Found Cuhyifeh's Book Shop.
  1772 | D        | Noticed an orc high priest
  1784 | D        | Killed an orc high priest
  1796 | D        | Bought a potion of heal wounds for 65 gold pieces
  1796 | D        | Bought a potion of heal wounds for 65 gold pieces
  1796 | D        | Bought 2 potions of haste for 260 gold pieces
  1800 | D        | Bought a potion of resistance for 110 gold pieces
  1800 | D        | Bought 2 potions of might for 88 gold pieces
  1800 | D        | Bought 2 potions of haste for 220 gold pieces
  1808 | D        | Bought 2 potions of curing for 78 gold pieces
  1945 | D        | Got the +6 mace of the Hugging Gods {heavy, rF+ Int+3}
  2002 | D        | Noticed a centaur warrior
  2002 | D        | Noticed a death knight
  2002 | D        | Noticed a tengu warrior
  2002 | D        | Noticed a six-headed hydra
  2002 | D        | Noticed a centaur warrior
  2005 | D        | Noticed a centaur warrior
  2006 | D        | Killed a centaur warrior
  2011 | D        | Killed a six-headed hydra
  2012 | D        | Noticed a fire dragon
  2015 | D        | Noticed a rakshasa
  2020 | D        | Killed a tengu warrior
  2025 | D        | Noticed a frost giant
  2027 | D        | Killed a death knight
  2028 | D        | Noticed a fire dragon
  2031 | D        | Killed a centaur warrior
  2032 | D        | Reached skill level 19 in Fighting
  2033 | D        | Noticed a vampire knight
  2035 | D        | Killed a centaur warrior
  2035 | D        | Received a gift from Okawaru
  2038 | D        | Noticed an ettin
  2055 | D        | Killed a vampire knight
  2073 | D        | Killed a fire dragon
  2074 | D        | Reached skill level 15 in Dodging
  2076 | D        | Killed from afar by a frost giant

Illustrated notes

Levels and vault maps discovered:
D:        linesprint [early_d, line_temple, items_1, d_10, items_2, lair_1,
          lair_end, items_3, orc_1, orc_end, items_4, d_15, swamp_1, shoals_1,
          snake_1, spider_1, d_20, vaults_1, items_5, swamp_end, shoals_end,
          snake_end, spider_end, vaults_end, d_27, items_6, zot_1, zot_end,
          crypt_end, forest_end, elf_end, slime_end, tomb_end, abyss_end,
          pan_hell_end]

Skill      XL: |  1  2  3  4  5  6  7  8  9 10 11 12 |
---------------+-------------------------------------+-----
Fighting       | 4 6 7 8 9 10 13 16 18 19 | 19.2
Maces & Flails | 3 5 6 7 9 11 14 15 16 | 16.6
Armour         | 4 5 6 11 12 | 12.3
Shields        | 4 5 9 13 14 | 14.9
Invocations    | 3 5 8 10 12 | 12.0
Dodging        | 3 8 11 13 15 | 15.0
Evocations     | 5 |  5.0
Throwing       | 5 8 |  8.0

Action                     |  1- 3 |  4- 6 |  7- 9 | 10-12 || total
---------------------------+-------+-------+-------+-------++-------
  Melee: Flail             |    26 |    12 |    56 |   145 ||   239
         Headbutt          |     7 |     2 |    16 |    60 ||    85
         Eveningstar       |       |       |       |   188 ||   188
 Invoke: Finesse           |       |       |     1 |     2 ||     3
         Heroism           |       |       |     1 |     1 ||     2
         Receive Weapon    |       |       |       |     1 ||     1
         Receive Armour    |       |       |       |     1 ||     1
  Evoke: Wand              |       |       |       |     5 ||     5
         Condenser vane    |       |       |       |     4 ||     4
    Use: Potion            |       |     3 |     1 |     6 ||    10
         Scroll            |       |       |       |     5 ||     5
 Armour: Scale mail        |    14 |       |       |       ||    14
         Chain mail        |       |     7 |    23 |   140 ||   170
         Plate armour      |       |       |       |    53 ||    53
  Dodge: Dodged            |    14 |     2 |    12 |   125 ||   153
  Block: Buckler           |     1 |     3 |     7 |    62 ||    73

Table legend: (Time is in decaauts)
 A = Elapsed time spent in this place.
 B = Non-inter-level travel time spent in this place.
 C = Inter-level travel time spent in this place.
 D = Time resting spent in this place.
 E = Time spent auto-exploring this place.
 F = Levels seen in this place.
 G = Mean time per level.
                   A        B        C        D        E       F      G
               +--------+--------+--------+--------+--------+-----+--------+
         Total |   1946 |   1946 |      0 |    762 |    107 |   1 | 1946.0 |
       Dungeon |   1946 |   1946 |      0 |    762 |    107 |   1 | 1946.0 |
               +--------+--------+--------+--------+--------+-----+--------+

Top non-repeatable levels by time:
       D: 1946 daAuts
